 Dungeon Crawl Stone Soup version 0.26.1-11-gd32895ea62 (webtiles) character file.

Game seed: 14039392976903835969

91 raph the Ruffian (level 4, 0/36 HPs)
             Began as a Draconian Transmuter on Apr 25, 2021.
             Slain by a bat (1 damage)
             ... on level 3 of the Dungeon.
             The game lasted 00:03:23 (2533 turns).

raph the Ruffian (Draconian Transmuter)             Turns: 2533, Time: 00:03:24

Health: 0/36       AC:  5    Str: 13    XL:     4   Next: 33%
Magic:  6/7        EV: 12    Int: 14    God:
Gold:   94         SH:  0    Dex: 11    Spells: 5/8 levels left

rFire    . . .     SeeInvis .     - Unarmed
rCold    . . .     Faith    .   (no shield)
rNeg     . . .     Spirit   .   (armour unavailable)
rPois    .         Reflect  .   (helmet restricted)
rElec    .         Harm     .   h - scarf {repulsion}
rCorr    .         Rampage  .   (no gloves)
Will     .....                  (no boots)
Stlth    +.........             (no amulet)
HPRegen  0.12/turn              (no ring)
MPRegen  0.10/turn              (no ring)

@: repel missiles
A: unfitting armour, cold-blooded, AC +5
a: no special abilities


You were on level 3 of the Dungeon.
You visited 1 branch of the dungeon, and saw 3 of its levels.

You collected 94 gold pieces.

Inventory:

Missiles
 e - 2 silver javelins
Armour
 h - a scarf of repulsion (worn)
Scrolls
 a - 6 scrolls of identify {unknown}
 d - a scroll of enchant armour {unknown}
 f - a scroll of fear {unknown}
 g - 2 scrolls of remove curse {unknown}
 i - a scroll of teleportation {unknown}
Potions
 b - a potion of curing {unknown}
 c - a potion of might {unknown}


   Skills:
 + Level 2.1 Fighting
 + Level 2.3 Dodging
 + Level 3.3 Unarmed Combat
 + Level 2.5 Spellcasting
 * Level 3.1 Transmutations


You had 5 spell levels left.
You knew the following spells:

 Your Spells              Type           Power        Failure   Level
a - Beastly Appendage     Tmut           20%          6%          1
b - Wereblood             Tmut           10%          10%         2

Your spell library contained the following spells:

 Spells                   Type           Power        Failure   Level
 Spider Form              Tmut/Pois      3%           34%         3
 Ice Form                 Ice/Tmut       6%           75%         4
 Blade Hands              Tmut           5%           86%         5


Dungeon Overview and Level Annotations

Branches:
Dungeon (3/15)

Altars:
Ashenzari
Xom


Innate Abilities, Weirdness & Mutations

Your plain brown scales are hard. (AC +5)
You cannot fit into any form of body armour.
You are cold-blooded and may be slowed by cold attacks.


Message History

* * * LOW HITPOINT WARNING * * *
You hit the orc wizard but do no damage.
Your tail-slap misses the orc wizard.
The orc wizard is heavily wounded.
The bat barely misses you.
The orc wizard points at you and mumbles some strange words.
The magic dart hits you.
* * * LOW HITPOINT WARNING * * *
The orc wizard hits you but does no damage.
The orc wizard mumbles some strange words.
The orc wizard blinks!
The orc wizard misses you.
You hit the orc wizard.
The orc wizard is severely wounded.
The bat hits you but does no damage.
The orc wizard mumbles some strange words.
The orc wizard blinks!
Your primal bloodlust has ended.
The bat barely misses you. The bat hits you.
You die...

###
##############.######
#...................#
#.############..8.8.#
#.# #@..⌠..# #.#
#b#...## #.# #)#####
#.# ...o...†.# #.#
....$....# #.#
....o....# #<#
....(....# ###
....###+## ....


You could see a bat.

Vanquished Creatures
  A gnoll (D:1)
  An adder (D:2)
  A worm (D:2)
  5 dart slugs
  2 orcs (D:3)
  5 bats
  6 giant cockroaches
  6 goblins
  8 hobgoblins
  5 jackals
  6 kobolds
  3 frilled lizards (D:1)
  A leopard gecko skeleton (D:2)
  3 rats
53 creatures vanquished.

Notes
Turn   | Place    | Note
-------+----------+-------------------------------------------
     0 | D:1      | raph the Draconian Transmuter began the quest for the Orb.
     0 | D:1      | Reached XP level 1. HP: 16/16 MP: 3/3
   157 | D:1      | Reached XP level 2. HP: 21/23 MP: 3/5
   454 | D:1      | Reached XP level 3. HP: 12/29 MP: 4/6
   863 | D:1      | Learned a level 2 spell: Wereblood
  1480 | D:2      | Reached XP level 4. HP: 36/36 MP: 5/7
  1649 | D:2      | Found an opulent altar of Gozag.
  1655 | D:2      | Found a broken altar of Ashenzari.
  1655 | D:2      | Found a white marble altar of Elyvilon.
  1657 | D:2      | Found a shimmering altar of Xom.
  1657 | D:2      | Found a burning altar of Makhleb.
  1657 | D:2      | Found a glowing golden altar of the Shining One.
  2039 | D:2      | Found a broken altar of Ashenzari.
  2530 | D:3      | HP: 1/36 [orc wizard/magic dart (6)]
  2533 | D:3      | Slain by a bat

Illustrated notes

Levels and vault maps discovered:
D:1:      mainiacjoe_arrival_reflecting_pool, layout_rooms
D:2:      layout_basic, ashenzari_altar_1, doesnt_xom_only_xom,
          minmay_stone_trees_small, grunt_decor_cap
D:3:      layout_basic, yredelemnul_altar_generic,
          gammafunk_temple_overflow_elements, kennysheep_small_spiral,
          hangedman_feature_mirror

Skill      XL: |  1  2  3  4 |
---------------+-------------+-----
Dodging        | 2 |  2.3
Fighting       | 2 |  2.1
Transmutations | 3 |  3.1
Unarmed Combat | |  3.3
Spellcasting   | |  2.5

Action                   |  1- 3 |  4- 6 || total
-------------------------+-------+-------++-------
Melee: Unarmed           |   114 |    61 ||   175
       Headbutt          |     9 |    10 ||    19
       Kick              |    19 |     6 ||    25
       Tailslap          |    13 |     2 ||    15
       Punch             |     2 |       ||     2
 Cast: Beastly Appendage |    21 |    10 ||    31
       Wereblood         |       |     1 ||     1
Armor: Skin              |    33 |    20 ||    53
Dodge: Dodged            |    87 |    52 ||   139
